 Dungeon Crawl Stone Soup version 0.24.0-1-gfbc8707122 (webtiles) character file.

Game seed: 520967292226250049, levelgen mode: deterministic

12995 Quickbrownfox the Poker (level 11, -10/88 HPs)
             Began as a Grey Draconian Air Elementalist on Oct 27, 2019.
             Was a High Priest of Nemelex Xobeh.
             Killed by divine providence
             ... invoked by an orc priest
              (15 damage)
             ... on level 2 of the Orcish Mines.
             The game lasted 01:40:35 (13946 turns).

Quickbrownfox the Poker (DrAE)                     Turns: 13946, Time: 01:40:38

Health: -10/88     AC: 20    Str: 16    XL:     11   Next: 69%
Magic:  20/20      EV: 15    Int: 16    God:    Nemelex Xobeh [*****.]
Gold:   1148       SH:  8    Dex: 11    Spells: 10/22 levels left

rFire    + . .     SeeInvis .   D - +8 mace of the Abyss {chaos, +Inv rElec rF+ Str+2}
rCold    . . .     Gourm    +   e - +0 shield {rPois}
rNeg     . . .     Faith    .   (armour unavailable)
rPois    +         Spirit   .   C - +2 hat
rElec    +         Reflect  .   (no cloak)
rCorr    .         Harm     .   k - +2 pair of gloves
MR       +....                  O - +2 pair of boots
Stlth    +++.......             o - amulet of the gourmand
HPRegen  0.24/turn              d - ring of protection from magic
MPRegen  0.17/turn              G - +3 ring of evasion

@: no status effects
A: walk through water, unfitting armour, unbreathing, cold-blooded, AC +12
a: Draw Escape, Draw Destruction, Draw Summoning, Triple Draw, Deal Four, Stack
Five, Renounce Religion, Evoke Invisibility


You were on level 2 of the Orcish Mines.
You worshipped Nemelex Xobeh.
Nemelex Xobeh was extremely pleased with you.
You were hungry.

You visited 2 branches of the dungeon, and saw 13 of its levels.
You also visited: Sewer and Bailey.

You collected 1574 gold pieces.
You spent 426 gold pieces at shops.

Inventory:

Hand Weapons
 i - a +1 short sword of draining
 D - the +8 mace of the Abyss (weapon) {chaos, +Inv rElec rF+ Str+2}
   (You found it on level 10 of the Dungeon)

   Each time it hits an enemy it has a different, random effect.
   It affects your strength (+2).
   It protects you from fire.
   It insulates you from electricity.
   It lets you turn invisible.
 E - the +8 trident of the Equinox {venom, rF+}
   (You took it off a centaur on level 7 of the Dungeon)

   It poisons the flesh of those it strikes.
   It protects you from fire.
 I - a +3 war axe of electrocution
 P - a +3 dagger of draining
Missiles
 c - 29 boomerangs (quivered)
 H - 13 javelins
 M - 3 silver boomerangs
Armour
 e - a +0 shield of poison resistance (worn)
 k - a +2 pair of gloves (worn)
 C - a +2 hat (worn)
 O - a +2 pair of boots (worn)
Jewellery
 d - a ring of protection from magic (left hand)
 o - an amulet of the gourmand (around neck)
 s - an uncursed ring of protection from magic
 G - a +3 ring of evasion (right hand)
Wands
 h - a wand of acid (7)
 q - a wand of random effects (10)
 r - a wand of iceblast (13)
 x - a wand of flame (36)
Scrolls
 f - a scroll of enchant armour
 g - 3 scrolls of fog
 v - 3 scrolls of remove curse
 w - 6 scrolls of teleportation
 B - 2 scrolls of fear
 K - a scroll of amnesia
Potions
 a - 7 potions of flight
 j - a potion of might
 n - 2 potions of haste
 t - a potion of magic
 z - a potion of resistance
 F - a potion of curing
Miscellaneous
 L - a lightning rod (4/4)
Comestibles
 b - 23 rations


   Skills:
 + Level 5.4 Fighting
 + Level 6.4 Short Blades
 + Level 3.9 Maces & Flails
 + Level 7.3 Polearms
 + Level 4.2 Throwing
 + Level 6.7 Dodging
 + Level 5.2 Stealth
 * Level 2.9 Shields
 + Level 6.2 Spellcasting
 + Level 4.5 Conjurations
 * Level 3.3 Summonings
 + Level 5.2 Air Magic
 * Level 0.9 Invocations
 + Level 0.3 Evocations


You had 10 spell levels left.
You knew the following spells:

 Your Spells              Type           Power        Failure   Level  Hunger
a - Shock                 Conj/Air       ###.         9%          1    None
b - Airstrike             Air            ###.......   56%         4    ####...
c - Static Discharge      Conj/Air       ###.....     26%         3    ##.....
d - Call Imp              Summ           ###.....     24%         2    None
e - Swiftness             Chrm/Air       ##......     32%         2    None

Your spell library contained the following spells:

 Spells                   Type           Power        Failure   Level  Hunger
 Summon Small Mammal      Summ           ###.         16%         1    None
 Call Canine Familiar     Summ           ###.....     43%         3    ##.....
 Animate Skeleton         Necr           N/A          54%         1    None
 Confusing Touch          Hex            #.....       54%         1    None
 Infusion                 Chrm           #...         54%         1    None
 Pain                     Necr           #...         54%         1    None
 Shroud of Golubria       Chrm/Tloc      #.....       67%         2    None
 Song of Slaying          Chrm           #.......     67%         2    None
 Summon Guardian Golem    Hex/Summ       ##......     67%         3    ##.....
 Summon Lightning Spire   Summ/Air       ###.....     71%         4    ####...
 Confuse                  Hex            #.......     88%         3    ##.....
 Gell's Gravitas          Tloc           #.........   88%         3    ##.....
 Regeneration             Chrm/Necr      #.........   88%         3    ##.....
 Spectral Weapon          Hex/Chrm       #.......     88%         3    ##.....
 Vampiric Draining        Necr           #.........   88%         3    ##.....
 Lightning Bolt           Conj/Air       ###.......   93%         5    #####..
 Summon Ice Beast         Ice/Summ       ##......     97%         4    ####...
 Animate Dead             Necr           N/A          99%         4    ####...
 Petrify                  Tmut/Erth      #.......     99%         4    ####...
 Metabolic Englaciation   Hex/Ice        #.........   100%        5    #####..
 Yara's Violent Unravell  Hex/Tmut       #.........   100%        5    #####..


Dungeon Overview and Level Annotations

Branches:
Dungeon (11/15)              Lair (0/6) D:11            Orc (2/2) D:11
  Sewer (visited)          Bailey (visited)
 Temple: D:4-7          Elf: Orc:2

Altars:
Ashenzari
Cheibriados
Dithmenos
Elyvilon
Makhleb
Nemelex Xobeh
Okawaru
Qazlal
Sif Muna
Trog
Vehumet
Wu Jian
Xom
Yredelemnul
The Shining One

Shops:
D:6 %   D:7 ?}[%%   D:9 *   Orc:1 ?

Annotations:
D:7 3 runed translucent doors, Mrkan's ghost, novice DDFi; Shaidar's ghost, novice GnFi


Innate Abilities, Weirdness & Mutations

You can walk through water.
Your dull iron-grey scales are very hard. (AC +12)
You cannot fit into any form of body armour.
You can survive without breathing.
You are cold-blooded and may be slowed by cold attacks.


Message History

The orc priest appears confused.
The orc priest ponders the situation.
The orc high priest is engulfed in noxious fumes.
The orc high priest appears confused.
The orc high priest misses your -1 trident of Tuih Iheshra {drain, rN+}.
The orc high priest is engulfed in poison gas.
The orc high priest looks even sicker.
You block the orc priest's attack.
Aiming: Thunderbolt
Press: ? - help, Shift-Dir - straight line, f/p - orc high priest
Aim: an orc high priest, wielding a +0 glaive and wearing a +0 scale mail (heavily wounded, fast, confused)
Okay, then.
You draw a card...
You have drawn the Elixir.
You begin rapidly regenerating.
The hellwing misses you. The hellwing completely misses you.
Your -1 trident of Tuih Iheshra {drain, rN+} closely misses the hellwing.
The orc high priest hits you from afar with a +0 glaive.
* * * LOW HITPOINT WARNING * * *
The orc priest mumbles some strange prayers to Beogh against you.
Beogh smites you!
You die...
Your body glows with a rainbow of weird colours and disappears.

#...........).......
#.................
#................ ...
#............°.# ...
#...........)..## ..
#.............#.###.#
#......)......o...#.##
#...)........)oo.....#
#........#[°(o4@.....#
#...)#......[.###...##
#..##)..[...####....##
#.###.......#
##....##### #o#
##...#.## #...)...#.#
##.# #...###
##.#......### #oo#
#....# ##.#.......#
...# #.....#
#..........# ..##
##.#.##
###............#


You could see 2 orc high priests, a hellwing, 2 orc priests and a friendly -1
trident of Tuih Iheshra {drain, rN+}.

Vanquished Creatures
  A two-headed ogre (D:9)
  An orc high priest (Orc:2)
  An ugly thing (D:11)
  A deep elf mage (D:9)
  A gargoyle (D:10)
  2 komodo dragons
  A troll (Orc:1)
  A hornet (D:8)
  Grinder (D:6)
  A hippogriff (D:9)
  Prince Ribbit (D:6)
  A yak (D:11)
  A spriggan (D:9)
  A vampire (D:11)
  2 wyverns
  2 hungry ghosts
  A steam dragon (D:10)
  2 water moccasins
  2 ice beasts
  12 orc warriors
  4 sky beasts
  2 black bears
  6 ogres
  A hornet zombie (D:9)
  3 phantoms
  2 centaurs
  Blork the orc (D:6)
  5 bullfrogs
  5 scorpions
  9 killer bees
  2 wights (D:7)
  3 howler monkeys (D:9)
  An electric eel (D:11)
  6 crimson imps
  3 bullfrog zombies
  A quasit (D:10)
  3 centaur skeletons
  3 jellies
  11 orc priests
  14 orc wizards
  A bullfrog skeleton (D:9)
  5 hounds
  An iguana (D:6)
  10 worker ants
  A hound zombie (D:9)
  18 adders
  6 gnolls
  5 shadow imps
  5 oozes
  3 adder skeletons
  8 worms
  A dart slug (D:2)
  9 leopard geckos
  53 orcs
  A ball python (D:3)
  12 bats
  16 giant cockroaches
  12 goblins
  9 hobgoblins
  30 jackals
  19 kobolds
  6 quokkas
  A ball python skeleton (D:5)
  4 frilled lizards
  7 rats
  A spectral orc (D:5)
365 creatures vanquished.

Vanquished Creatures (collateral kills)
  A two-headed ogre (D:10)
  A vampire (D:9)
  A steam dragon (D:10)
  A porcupine (D:11)
  5 orc warriors
  A necrophage (D:9)
  2 bullfrogs
  A killer bee (D:5)
  5 wights
  A crimson imp (D:8)
  A quasit (D:11)
  2 orc priests
  A hound (D:4)
  6 orc wizards
  A hound zombie (D:10)
  A shadow imp (D:8)
  An ufetubus (D:5)
  A leopard gecko (D:11)
  8 orcs
  A ball python (D:5)
  A bat (D:3)
  A kobold (D:5)
44 creatures vanquished.

Vanquished Creatures (others)
  A bullfrog (D:7)
  2 orc priests (Orc:2)
  2 orc wizards
  3 ball lightnings
  2 fungi (D:11)
10 creatures vanquished.

Grand Total: 419 creatures vanquished

Notes
Turn   | Place    | Note
-------+----------+-------------------------------------------
     0 | D:1      | Quickbrownfox the Draconian Air Elementalist began the
                  | quest for the Orb.
     0 | D:1      | Reached XP level 1. HP: 14/14 MP: 3/3
   356 | D:1      | Reached XP level 2. HP: 17/20 MP: 5/5
   945 | D:2      | Reached XP level 3. HP: 26/26 MP: 0/6
   977 | D:2      | Found a sparkling altar of Nemelex Xobeh.
  1180 | D:2      | Became a worshipper of Nemelex Xobeh the Trickster
  1290 | D:2      | Reached XP level 4. HP: 26/33 MP: 5/7
  1296 | D:2      | Learned a level 4 spell: Airstrike
  1319 | D:2      | Found a snail-covered altar of Cheibriados.
  1319 | D:2      | Found a radiant altar of Vehumet.
  1346 | D:2      | Received a gift from Nemelex Xobeh
  1384 | D:2      | Reached skill level 1 in Short Blades
  1911 | D:3      | Reached XP level 5. HP: 38/38 MP: 9/9
  2858 | D:3      | Reached XP level 6. HP: 11/46 MP: 2/10
  3260 | D:4      | Received a gift from Nemelex Xobeh
  3299 | D:4      | Reached * piety under Nemelex Xobeh
  3438 | D:4      | Found an ornate altar of the Wu Jian Council.
  3548 | D:4      | Found a burning altar of Makhleb.
  3566 | D:4      | Reached skill level 1 in Fighting
  3685 | D:4      | Received a gift from Nemelex Xobeh
  3772 | D:5      | Entered Level 5 of the Dungeon
  3823 | D:5      | Your scales start taking on a dull iron-grey colour.
  3823 | D:5      | Reached XP level 7. HP: 52/52 MP: 11/11
  3823 | D:5      | Gained mutation: You can survive without breathing. [Grey
                  | Draconian growth]
  4034 | D:5      | Found a stormy altar of Qazlal.
  4035 | D:5      | Noticed a fire elemental
  4037 | D:5      | Noticed a water elemental
  4037 | D:5      | Noticed an air elemental
  4195 | D:5      | Found a glowing golden altar of the Shining One.
  4348 | D:5      | Learned a level 3 spell: Static Discharge
  4412 | D:5      | Reached ** piety under Nemelex Xobeh
  4447 | D:5      | Found an iron altar of Okawaru.
  4503 | D:5      | Found a basalt altar of Yredelemnul.
  4869 | D:6      | Found a glowing drain.
  4889 | Sewer    | Entered a sewer
  4889 | Sewer    | Received a gift from Nemelex Xobeh
  5105 | Sewer    | Learned a level 2 spell: Call Imp
  5366 | D:6      | Noticed Grinder
  5384 | D:6      | Killed Grinder
  5390 | D:6      | Reached XP level 8. HP: 35/61 MP: 1/13
  5427 | D:6      | Found Qosmotoi's Food Boutique.
  5490 | D:6      | Noticed Prince Ribbit
  5508 | D:6      | Killed Prince Ribbit
  5515 | D:6      | Found a bloodstained altar of Trog.
  5752 | D:6      | Reached skill level 5 in Short Blades
  5980 | D:6      | Noticed Blork the orc
  5997 | D:6      | Killed Blork the orc
  6004 | D:6      | Found a shimmering blue altar of Sif Muna.
  6261 | D:7      | Reached skill level 1 in Throwing
  6344 | D:7      | Found Regit's Magic Scroll Shop.
  6368 | D:7      | Reached XP level 9. HP: 41/69 MP: 10/15
  6381 | D:7      | Received a gift from Nemelex Xobeh
  6383 | D:7      | Bought a scroll of identify for 32 gold pieces
  6383 | D:7      | Bought a scroll of fear for 56 gold pieces
  6387 | D:7      | Bought a scroll of identify for 32 gold pieces
  6678 | D:7      | Found Qufuqu's Gadget Shoppe.
  6760 | D:7      | Identified the +8 trident of the Equinox {venom, rF+}
  6960 | D:7      | Identified the -1 hand axe of Wylodo {drain, +Inv rF+ rN+
                  | MR+}
  6963 | D:7      | Reached skill level 5 in Dodging
  7025 | D:7      | Found Feragumm's Armour Shoppe.
  7048 | D:7      | Found Rymebb's Food Shoppe.
  7076 | D:7      | Found Erhiosee's Food Shop.
  7120 | D:7      | Found a runed translucent gate.
  7120 | D:7      | Found a runed translucent gate.
  7125 | D:7      | Reached skill level 1 in Polearms
  7135 | D:7      | Found a runed translucent gate.
  7137 | D:7      | Noticed Mrkan's ghost (novice DDFi)
  7137 | D:7      | Noticed Shaidar's ghost (novice GnFi)
  7317 | D:8      | Reached skill level 2 in Polearms
  7542 | D:8      | Learned a level 2 spell: Swiftness
  7570 | D:8      | Reached skill level 3 in Polearms
  7707 | D:8      | Received a gift from Nemelex Xobeh
  7781 | D:8      | Reached skill level 4 in Polearms
  7824 | D:8      | Reached *** piety under Nemelex Xobeh
  7969 | D:8      | Reached skill level 5 in Spellcasting
  8112 | D:9      | Reached XP level 10. HP: 76/78 MP: 11/17
  8280 | D:9      | Received a gift from Nemelex Xobeh
  8308 | D:9      | Noticed a deep elf mage
  8316 | D:9      | Killed a deep elf mage
  8316 | D:9      | Reached skill level 5 in Polearms
  8330 | D:9      | Reached skill level 1 in Summonings
  8419 | D:9      | Reached skill level 6 in Polearms
  8518 | D:9      | Found Leogypt's Assorted Antiques.
  8529 | D:9      | Bought a smoky yellow potion for 26 gold pieces
  8529 | D:9      | Bought a scroll labeled OHOWUA GETAU for 29 gold pieces
  8529 | D:9      | Bought a scroll of identify for 58 gold pieces
  8548 | D:9      | Noticed a two-headed ogre
  8570 | D:9      | Killed a two-headed ogre
  8570 | D:9      | Reached skill level 5 in Air Magic
  8785 | D:9      | Found a shimmering altar of Xom.
  8852 | D:9      | Found a shadowy altar of Dithmenos.
  8893 | D:9      | Reached skill level 5 in Stealth
  8986 | D:9      | Received a gift from Nemelex Xobeh
  9376 | D:10     | Entered Level 10 of the Dungeon
  9403 | D:10     | Got a crystal mace
  9451 | D:10     | Found a flagged portal.
  9461 | Bailey   | Entered a bailey
  9545 | Bailey   | Reached **** piety under Nemelex Xobeh
  9585 | Bailey   | Reached skill level 7 in Polearms
  9595 | Bailey   | Identified the +8 mace of the Abyss {chaos, +Inv rElec rF+
                  | Str+2} (You found it on level 10 of the Dungeon)
  9602 | Bailey   | Found a bloodstained altar of Trog.
  9605 | Bailey   | Received a gift from Nemelex Xobeh
  9654 | D:10     | Reached skill level 5 in Fighting
  9829 | D:10     | Noticed a gargoyle
  9841 | D:10     | Killed a gargoyle
  9841 | D:10     | Reached skill level 1 in Maces & Flails
  9841 | D:10     | Reached XP level 11. HP: 22/86 MP: 20/20
 10466 | D:10     | Noticed a two-headed ogre
 10505 | D:10     | Killed a two-headed ogre
 11095 | D:7      | Bought a +0 shield of poison resistance for 102 gold pieces
 11282 | D:11     | Received a gift from Nemelex Xobeh
 11576 | D:11     | Found a staircase to the Orcish Mines.
 11650 | D:11     | Reached skill level 1 in Shields
 12130 | D:11     | Received a gift from Nemelex Xobeh
 12219 | D:11     | Found a burning altar of Makhleb.
 12221 | D:11     | Found a bloodstained altar of Trog.
 12221 | D:11     | Found a shimmering altar of Xom.
 12223 | D:11     | Found a shattered altar of Ashenzari.
 12223 | D:11     | Found a white marble altar of Elyvilon.
 12223 | D:11     | Found a radiant altar of Vehumet.
 12285 | D:11     | Found a staircase to the Lair.
 12459 | D:11     | Noticed a red ugly thing
 12479 | D:11     | Killed a red ugly thing
 12773 | Orc:1    | Entered Level 1 of the Orcish Mines
 13150 | Orc:1    | Found Olui's Magic Scroll Emporium.
 13169 | Orc:1    | Bought a scroll of identify for 26 gold pieces
 13169 | Orc:1    | Bought a scroll of identify for 26 gold pieces
 13169 | Orc:1    | Bought a scroll of identify for 26 gold pieces
 13177 | Orc:1    | Bought a scroll of random uselessness for 13 gold pieces
 13343 | Orc:2    | Entered Level 2 of the Orcish Mines
 13354 | Orc:2    | Reached ***** piety under Nemelex Xobeh
 13458 | Orc:2    | Identified the +1 long sword "Arcanum" {slice, rPois rN+}
 13460 | Orc:2    | Noticed an orc high priest
 13769 | Orc:2    | Killed an orc high priest
 13914 | Orc:2    | Noticed an orc high priest
 13933 | Orc:2    | Identified the -1 trident of Tuih Iheshra {drain, rN+}
 13940 | Orc:2    | Noticed an orc high priest
 13941 | Orc:2    | HP: 4/88 [orc high priest/divine providence (13)]
 13945 | Orc:2    | HP: 1/88 [hellwing[an orc high priest] (12)]
 13946 | Orc:2    | Killed from afar by an orc priest

Levels and vault maps discovered:
D:1:      roderic_crop_circles_arrival_small, layout_loops_ring,
          chequers_serial_rivers_small_b
D:2:      layout_rooms, overflow_temple_1_default,
          gammafunk_temple_overflow_elements
D:3:      layout_basic, kennysheep_generic_room_16
D:4:      layout_cave_pools, nicolae_overflow_crystal_walls, old_standard_altar,
          first_ration
D:5:      layout_loops_corners, yredelemnul_forgotten_temple_becter,
          okawaru_altar_gauntlet_db, nicolae_tso_swordbearing_angel,
          nicolae_qazlal_style_of_elements
D:6:      layout_basic, tgw_sif, portal_sewer_entry_f, serial_shops, shop,
          trog_butcher_becter, uniq_prince_ribbit1, uniq_grinder,
          uniq_blork_the_orc
D:7:      layout_loops_ring, minmay_temple_entry_crystal_x,
          gammafunk_ghost_cemetery, serial_shops, shop, nicolae_shop_trees,
          nicolae_shop_trees, shop, shop
D:8:      layout_cave_pods
D:9:      layout_stronghold, grunt_dithmenos_smoke, old_standard_altar,
          serial_shops, shop, the_bakery, minmay_bent
D:10:     layout_irregular_city, enter_bailey_3
D:11:     layout_irregular_city, grunt_lair_entry_orc_guard_hut, minivault_4,
          doesnt_xom_only_xom
Orc:1:    layout_diamond_mine, serial_shops, shop_coins
Orc:2:    st_orc_mages, layout_diamond_mine, uniq_rupert

Skill      XL: |  1  2  3  4  5  6  7  8  9 10 11 |
---------------+----------------------------------+-----
Dodging        | 2 3 4 5 6 |  6.7
Stealth        | 2 3 4 5 |  5.2
Short Blades   | 2 3 4 6 |  6.4
Spellcasting   | 3 4 5 6 |  6.2
Air Magic      | 3 4 5 |  5.2
Conjurations   | 2 3 4 |  4.5
Fighting       | 1 3 4 5 |  5.4
Throwing       | 2 3 4 |  4.2
Polearms       | 4 7 |  7.3
Summonings     | 1 3 |  3.3
Maces & Flails | 1 3 |  3.9
Shields        | 2 |  2.9
Invocations    | |  0.9
Evocations     | |  0.3

Action                   |  1- 3 |  4- 6 |  7- 9 | 10-12 || total
-------------------------+-------+-------+-------+-------++-------
Melee: Club              |    47 |       |       |       ||    47
       Unarmed           |     4 |       |       |       ||     4
       Tailslap          |     6 |    19 |    41 |    30 ||    96
       Short sword       |    53 |   170 |   299 |       ||   522
       Trident           |       |       |    89 |   158 ||   247
       Mace              |       |       |       |   221 ||   221
Throw: Boomerang         |       |       |    51 |    71 ||   122
 Cast: Shock             |    26 |    58 |    95 |    40 ||   219
       Airstrike         |       |     1 |     6 |     6 ||    13
       Static Discharge  |       |       |     4 |     9 ||    13
       Call Imp          |       |       |     4 |     5 ||     9
 Abil: Draw Summoning    |       |     2 |     3 |    10 ||    15
       Draw Destruction  |       |     2 |     5 |    12 ||    19
       Draw Escape       |       |       |     1 |     4 ||     5
Evoke: Wand              |       |     3 |       |     3 ||     6
  Use: Scroll            |     5 |       |     5 |    11 ||    21
       Potion            |       |     2 |     3 |     7 ||    12
 Stab: Sleeping          |     2 |     4 |    11 |     8 ||    25
       Confused          |       |       |       |     1 ||     1
       Distracted        |       |       |       |     1 ||     1
       Paralysed         |       |       |       |     1 ||     1
  Eat: Chunk             |     1 |     5 |    16 |     8 ||    30
       Ration            |       |     2 |       |     3 ||     5
Armor: Skin              |    55 |    83 |   138 |   183 ||   459
Dodge: Dodged            |   119 |   157 |   245 |   359 ||   880
Block: Shield            |       |       |       |    84 ||    84
